 Dungeon Crawl Stone Soup version 0.18-a0-1604-gf68bb23 (webtiles) character file.

133 Sixotanaka the Ruffian (level 4, -6/35 HPs)
             Began as a Demigod Wanderer on Mar 21, 2016.
             Killed from afar by Natasha (8 damage)
             ... with a magic dart
             ... on level 3 of the Dungeon.
             The game lasted 00:05:21 (3159 turns).

Sixotanaka the Ruffian (Demigod Wanderer)           Turns: 3159, Time: 00:05:22

Health: -6/35      AC:  1    Str: 17    XL:     4   Next: 63%
Magic:  6/6        EV: 11    Int: 20    God:
Gold:   106        SH:  5    Dex: 16    Spells: 1 memorised, 2 levels left

rFire  . . .     SeeInvis .     e - +1 dagger (venom)
rCold  . . .     Gourm    .     l - +0 leather armour
rNeg   . . .     Faith    .     d - +1 buckler
rPois  .         Spirit   .     a - +0 helmet
rElec  .         Dismiss  .     (no cloak)
rCorr  .         Reflect  .     j - +0 pair of gloves
SustAt +         Harm     .     (no boots)
MR     .....                    (no amulet)
Stlth  ++........               s - -4 ring of protection (curse)
                                m - +5 ring of intelligence

@: not resistant to hostile enchantments, unstealthy
A: high mp 1, sustain attributes
a: no special abilities


You were on level 3 of the Dungeon.
You were not hungry.

You visited 1 branch of the dungeon, and saw 3 of its levels.

You collected 106 gold pieces.


Innate Abilities, Weirdness & Mutations

You have an increased reservoir of magic (+10% MP).
Your attributes are resistant to harm.


   Skills:
 - Level 1.0 Fighting
 - Level 1.7 Dodging
 - Level 2.6 Stealth
 - Level 1.0 Shields
 + Level 4.2 Unarmed Combat
   Level 1.0 Translocations
 - Level 1.7 Transmutations


You had 2 spell levels left.
You knew the following spells:

 Your Spells              Type           Power        Failure   Level  Hunger
z - Beastly Appendage     Trmt           #.....       21%         1    ##.....


Dungeon Overview and Level Annotations

Branches:
Dungeon (3/15)

Annotations:
D:3 Natasha

Inventory:

Hand Weapons
 e - a +1 dagger of venom (weapon)
   (You took it off a kobold on level 2 of the Dungeon)
Missiles
 n - 6 curare-tipped needles
Armour
 a - a +0 helmet (worn)
 d - a +1 buckler (worn)
 j - a +0 pair of gloves (worn)
 l - a +0 leather armour (worn)
Jewellery
 m - a +5 ring of intelligence (left hand)
 s - a cursed -4 ring of protection (right hand)
Scrolls
 r - a scroll of teleportation {@r4}
Potions
 b - 2 potions of haste {@q3}
 o - a potion of curing {unknown}
 q - a potion of heal wounds {unknown}
Books
 c - Sif Muna's Catalogue of Transmigration

   Spells                             Type                      Level
   a - Beastly Appendage              Transmutation                1
   b - Spider Form                    Transmutation/Poison         3
Comestibles
 f - a bread ration
 g - 2 meat rations
 k - a slice of pizza
 p - a chunk of flesh

######### #.
#.@.....# #.
#h#####.# #.##
#5#####.########.##
#..................
#..........# ##....
### #..........#
#.)... ..##
#...>......# ##...#
...# ##...5.....#
##..# #...#
#..h......# #...


You could see Natasha and a crimson imp.


Message History

Natasha, Servant of Life and Death comes into view.
You open the door.
Found a bubbling green potion, a pair of gloves and 20 stones.
There is an open door here.
h - a bubbling green potion You see here 27 stones.
You see here a pair of gloves.
j - a pair of gloves Wear which item? (? for menu, Esc to quit)
You start putting on your armour.
You continue putting on your pair of gloves. x4
You finish putting on your +0 pair of gloves.
You see here 20 stones.
As you open the door, it creaks loudly!
Found a long sword.
There is an open door here.
You hear the slow rusting of a very distant drain.
Found a stone staircase leading up.
You hear the slow rusting of a very distant drain.
There is a stone staircase leading up here.
You hear the slow rusting of a very distant drain.
Natasha is nearby!
Natasha hisses angrily.
You see here 3 gold pieces.
You now have 106 gold pieces (gained 3).
Natasha stares at you and mumbles some strange words.
The magic dart hits you!
You closely miss Natasha.
Natasha stares at you and mumbles some strange words.
You feel yourself slow down.
You hit Natasha.
Natasha is poisoned.
Natasha claws you. Natasha closely misses you.
You miss Natasha. You block Natasha's attack.
You hit Natasha but do no damage.
Natasha looks even sicker.
Natasha claws you. You block Natasha's attack.
You hit Natasha.
You kill Natasha!
Moaning pathetically, Natasha's spirit plunges into the ground.
Your Unarmed Combat skill increases to level 4!
You see here the felid corpse of Natasha.
You butcher the felid corpse of Natasha.
p - a chunk of flesh You feel yourself speed up.
Natasha, Servant of Life and Death comes into view.
Natasha casts a spell.
You start resting.
The crimson imp blinks!
Natasha claws you!
* * * LOW HITPOINT WARNING * * *
You closely miss Natasha. You block Natasha's attack.
You barely miss Natasha. Natasha casts a spell at you. The magic dart hits you!
* * * LOW HITPOINT WARNING * * *
You closely miss Natasha. You block Natasha's attack.
You hit Natasha.
Natasha is poisoned.
Natasha claws you.
* * * LOW HITPOINT WARNING * * *
Drink which item? (? for menu, Esc to quit)
It was a potion of invisibility.
You fade into invisibility!
You block Natasha's attack.
You are very lightly contaminated with residual magic.
Drink which item? (? for menu, Esc to quit)
It was a potion of cancellation.
Your magical effects are unravelling.
Your magical contamination has completely faded away.
You feel magically purged.
You flicker back into view.
Natasha casts a spell at you. The magic dart hits you!
You die...

Action                   |  1- 3 |  4- 6 || total
-------------------------+-------+-------++-------
Melee: Dagger            |   185 |    35 ||   220
  Use: Potion            |     1 |     2 ||     3
       Scroll            |       |     6 ||     6
 Stab: Sleeping          |     7 |     1 ||     8
  Eat: Chunk             |     6 |     1 ||     7

Vault maps used:
D:1:      lordsloth_arrival_two_stooges
D:3:      portal_sewer_entry_b, first_bread, roderic_hopi_sauvastika,
          uniq_natasha

Notes
Turn   | Place    | Note
--------------------------------------------------------------
     0 | D:1      | Sixotanaka the Demigod Wanderer began the quest for the Orb.
     0 | D:1      | Sixotanaka set off with: a +2 dagger, a potion of haste {@q3}, Sif Muna's Catalogue of Transmigration, a +0 buckler, a +0 robe, a bread ration
     0 | D:1      | Reached XP level 1. HP: 16/16 MP: 3/3
     0 | D:1      | Identified Sif Muna's Catalogue of Transmigration
   160 | D:1      | Reached skill level 1 in Unarmed Combat
   715 | D:1      | Reached XP level 2. HP: 23/23 MP: 4/4
   822 | D:1      | Reached skill level 2 in Unarmed Combat
  1393 | D:1      | Reached XP level 3. HP: 24/28 MP: 5/5
  1877 | D:2      | Reached skill level 3 in Unarmed Combat
  2215 | D:2      | HP: 10/42 [poisoned by an adder]
  2220 | D:2      | HP: 7/42 [poisoned by an adder]
  2227 | D:2      | HP: 6/42 [poisoned by an adder]
  2235 | D:2      | HP: 5/42 [poisoned by an adder]
  2644 | D:2      | Learned a level 1 spell: Beastly Appendage
  2653 | D:2      | Reached XP level 4. HP: 31/35 MP: 6/6
  2995 | D:3      | Noticed Natasha
  3135 | D:3      | Killed Natasha
  3135 | D:3      | Reached skill level 4 in Unarmed Combat
  3146 | D:3      | Noticed Natasha
  3155 | D:3      | HP: 8/35 [Natasha/magic dart (8)]
  3157 | D:3      | HP: 2/35 [Natasha (6)]
  3159 | D:3      | Killed from afar by Natasha

Vanquished Creatures
  Natasha (D:3)
  3 adders (D:2)
  2 oozes
  6 dart slugs
  3 giant geckos
  A ball python (D:1)
  2 giant cockroaches
  11 goblins
  4 hobgoblins
  4 jackals (D:1)
  9 kobolds
  3 giant newts
  7 rats
56 creatures vanquished.
